Map: Whispers of Gold

Players

iPlayDefense

  • Race: Terran Terran
  • League: Silver
  • Spawn Location: 5:00

Cetme - Winner!

  • Race: Terran Terran
  • League: Silver
  • Spawn Location: 9:00

VOD

Have the link to the VOD?

Description

Time

  • Played on: April 13, 2025, 12:09 p.m.
  • Length: 6:40
Show
View Real Time Build Order
Export as new Build Order

iPlayDefense Terran 

Build Orders:  

Get SALT Encoding   

  12  0:13  SCV  
  12  0:14  Supply Depot  
  13  0:25  SCV  
  14  0:32  Refinery  
  14  0:38  SCV  
  15  0:45  Barracks  
  15  0:50  SCV  
  16  1:02  SCV  
  17  1:14  SCV  
  18  1:23  Supply Depot  
  18  1:26  SCV  
  18  1:32  Barracks Reactor  
  19  1:36  Barracks  
  19  1:42  Orbital Command  
  19  2:09  Marine x2  
  21  2:22  SCV  
  22  2:25  Barracks Tech Lab  
  22  2:26  Barracks  
  22  2:27  Marine x2  
  24  2:39  Factory  
  24  2:46  Engineering Bay  
  24  2:53  Supply Depot  
  24  3:09  Command Center  
  24  3:13  Barracks Tech Lab  
  24  3:19  Terran Infantry Weapons Level 1  
  24  3:24  Marine  
  24  3:25  Marine x2  
  27  3:31  Supply Depot  
  27  3:40  Combat Shield  
  27  3:42  Marine  
  28  3:48  Factory Reactor  
  28  4:09  Refinery  
  27  4:55  Marine  
  27  4:56  Marine x3  
  31  5:01  SCV x2  
  33  5:12  Supply Depot  
  33  5:13  SCV, Marine  
  33  5:14  SCV, Marine x3  
  39  5:25  SCV  
  39  5:26  SCV  
  41  5:31  Marine x4  
  45  5:46  Orbital Command  
  45  5:49  Marine x4  
  49  6:00  Starport  
  49  6:07  Marine x2  
  51  6:18  SCV x2  
Show
View Real Time Build Order
Export as new Build Order

Cetme Terran - Winner!

Build Orders:  

Get SALT Encoding   

  12  0:02  SCV  
  13  0:15  SCV  
  15  0:28  SCV  
  15  0:51  Supply Depot  
  15  0:56  Supply Depot  
  15  0:58  Refinery  
  15  1:02  Refinery  
  15  1:12  SCV  
  15  1:17  Supply Depot  
  16  1:24  SCV  
  17  1:36  SCV  
  18  1:45  Barracks  
  18  1:48  SCV  
  19  2:01  SCV  
  20  2:13  SCV  
  21  2:25  SCV  
  22  2:33  Marine  
  23  2:37  SCV  
  23  2:42  Factory  
  24  2:47  Supply Depot  
  24  2:50  Orbital Command  
  24  2:51  Marine  
  25  3:09  Supply Depot, Marine  
  26  3:27  Hellion  
  28  3:33  Starport  
  28  3:38  Marine  
  28  3:40  Starport  
  29  4:17  Fusion Core  
  29  4:46  Starport Tech Lab  
  29  4:47  Starport Tech Lab  
  27  5:05  Battlecruiser, Engineering Bay  
  33  5:07  Battlecruiser  
  39  5:29  Barracks Reactor  
  39  5:34  Missile Turret  
  39  5:37  Missile Turret  
  39  5:42  Factory Tech Lab  
  39  5:48  Barracks  
  39  6:03  Siege Tank  
  42  6:07  Marine x2  
  46  6:36  Barracks  
Tags
 
Matchup
TvT
Race
Terran
Replay Pack
DaveSC2
Spawn Locations
Cross Positions
Add a new tag
Caveats
  • Supply blocks, unpowered buildings, or Contaminate may cause inaccurate times.
  • Supply counts are checked every 10 seconds.